Map: 2000 Atmospheres LE

Players

Scarlett

  • Race: Zerg Zerg

Nina - Winner!

  • Race: Protoss Protoss

Event: DreamHack SC2 Masters 2021 Winter

VOD

Have the link to the VOD?

Description

Time

  • Played on: Oct. 13, 2021, 3:36 p.m.
  • Length: 18:57

All games in this series

Show
View Real Time Build Order
Export as new Build Order

Scarlett Zerg 

Build Orders: Hatch First, Lurkers 

Get SALT Encoding   

  12  0:00  Drone  
  13  0:12  Overlord  
  13  0:16  Drone  
  14  0:30  Drone x2  
  17  0:42  Drone  
  17  0:51  Hatchery  
  17  0:54  Drone  
  17  0:57  Drone  
  18  1:08  Extractor  
  17  1:12  Spawning Pool  
  17  1:15  Drone  
  17  1:18  Drone  
  18  1:28  Drone  
  19  1:39  Drone  
  20  1:50  Overlord  
  20  2:00  Queen  
  22  2:02  Zergling x2, Queen  
  22  2:03  Drone  
  26  2:10  Metabolic Boost  
  26  2:11  Drone  
  27  2:16  Drone  
  28  2:25  Drone x2  
  30  2:36  Drone  
  32  2:37  Zergling x2  
  32  2:38  Queen  
  32  2:44  Hatchery  
  33  2:47  Overlord  
  33  2:59  Drone x3  
  33  3:05  Queen, Overlord  
  38  3:11  Drone x3  
  42  3:12  Drone  
  42  3:17  Queen  
  44  3:21  Overlord  
  44  3:25  Drone x2  
  46  3:34  Zergling x6  
  49  3:45  Drone  
  49  3:46  Drone x4  
  49  3:50  Spore Crawler  
  49  3:53  Spore Crawler  
  46  3:58  Drone x5  
  51  4:09  Overlord  
  51  4:10  Drone x2, Spore Crawler  
  51  4:12  Queen  
  54  4:19  Drone  
  54  4:20  Drone x3  
  54  4:22  Drone x2  
  60  4:28  Drone  
  60  4:29  Drone x3  
  62  4:36  Roach Warren  
  61  4:38  Extractor  
  61  4:40  Drone x3  
  61  4:42  Extractor  
  62  4:48  Drone x7  
  68  4:55  Extractor  
  68  4:56  Overlord  
  68  4:57  Extractor, Overlord x2  
  66  5:06  Queen  
  66  5:07  Queen  
  69  5:14  Overlord x2  
  69  5:17  Roach x4  
  69  5:21  Roach x2  
  81  5:23  Roach  
  81  5:26  Roach  
  81  5:27  Roach  
  87  5:31  Roach  
  87  5:32  Roach  
  87  5:34  Roach  
  93  5:48  Zergling x18  
  103  5:50  Ravager x3  
  103  5:55  Overlord x2  
  103  5:56  Ravager  
  106  5:57  Zergling x2  
  106  5:58  Zergling x2  
  106  6:02  Zergling x6  
  111  6:07  Lair  
  111  6:09  Zergling x4  
  113  6:16  Zergling x10  
  118  6:21  Zergling x6  
  120  6:27  Zergling x10  
  120  6:31  Overlord  
  120  6:32  Ravager x3  
  127  6:43  Ravager  
  127  6:44  Ravager x3, Overlord x2  
  127  6:50  Zergling x12  
  124  7:01  Zergling x6  
  119  7:04  Zergling x2  
  104  7:10  Queen x2  
  97  7:16  Zergling x10  
  96  7:24  Zergling x6  
  96  7:31  Zergling x4  
  96  7:32  Queen  
  96  7:35  Roach  
  95  7:40  Drone x3  
  90  7:50  Roach x3  
  88  7:56  Queen x2, Roach x2  
  88  8:01  Roach  
  87  8:08  Drone x3, Glial Reconstitution  
  87  8:09  Evolution Chamber, Queen  
  91  8:16  Drone x2  
  91  8:19  Drone  
  94  8:24  Infestation Pit  
  94  8:26  Roach x2  
  97  8:28  Drone x4  
  97  8:29  Drone x3  
  97  8:32  Extractor  
  97  8:33  Overseer  
  105  8:38  Roach x2  
  109  8:44  Drone x2  
  111  8:53  Roach x3  
  117  8:56  Hatchery  
  117  8:59  Zerg Missile Weapons Level 1  
  117  9:00  Hive  
  114  9:07  Roach x7  
  126  9:18  Hydralisk Den  
  126  9:23  Drone x8  
  133  9:34  Drone x6  
  139  9:39  Spine Crawler  
  139  9:45  Roach x2  
  142  9:49  Roach  
  142  9:50  Lurker Den, Roach  
  142  9:51  Roach x2, Extractor  
  148  9:53  Extractor  
  148  9:58  Spore Crawler  
  148  9:59  Hydralisk x4  
  154  10:01  Overlord x2  
  154  10:08  Overlord x3  
  154  10:15  Drone x4  
  154  10:19  Overlord x2  
  154  10:20  Viper x4  
  170  10:23  Viper  
  173  10:30  Spine Crawler  
  173  10:33  Spine Crawler  
  171  10:36  Spore Crawler  
  171  10:37  Hydralisk x2  
  174  10:45  Roach x6  
  180  10:54  Roach x5  
  180  10:55  Roach x2  
  178  11:03  Roach x4  
  176  11:05  Seismic Spines  
  176  11:07  Lurker x2  
  176  11:08  Ravager x2  
  178  11:12  Roach x2  
  170  11:18  Roach x4  
  170  11:24  Roach x3  
  144  11:38  Drone x7  
  145  11:42  Roach x2  
  144  11:53  Hydralisk x3  
  142  12:00  Zerg Missile Weapons Level 2  
  142  12:07  Drone x3  
  136  12:10  Lurker x2  
  136  12:11  Overseer  
  138  12:19  Hatchery  
  137  12:23  Queen  
  139  12:30  Drone  
  139  12:31  Drone x2  
  139  12:32  Drone x3  
  139  12:35  Lurker  
  139  12:36  Lurker x2  
  148  12:38  Hydralisk  
  150  12:45  Extractor  
  150  12:46  Spire  
  150  12:47  Drone x2  
  150  12:52  Overseer  
  150  12:55  Queen  
  152  13:00  Drone  
  152  13:02  Evolution Chamber  
  152  13:03  Pathogen Glands  
  152  13:06  Drone x5  
  152  13:08  Drone  
  158  13:22  Overseer  
  155  13:35  Roach x12  
  155  13:37  Spore Crawler  
  169  13:43  Drone x4  
  169  13:48  Spine Crawler  
  163  13:50  Drone x3  
  163  13:52  Zerg Ground Armor Level 1, Spore Crawler  
  162  13:57  Hydralisk, Lurker  
  165  14:05  Hydralisk  
  165  14:06  Hydralisk x2  
  171  14:12  Drone  
  171  14:13  Drone x3  
  171  14:15  Drone x2  
  177  14:20  Zerg Missile Weapons Level 3  
  177  14:26  Infestor x2  
  181  14:35  Drone  
  181  14:36  Queen  
  181  14:38  Drone x5  
  189  14:45  Drone x2  
  191  14:46  Drone  
  192  14:58  Lurker x4  
  192  14:59  Infestor x2  
  200  15:04  Greater Spire  
  200  15:08  Adaptive Talons  
  167  15:45  Corruptor x5  
  167  15:46  Corruptor x4  
  174  15:55  Queen  
  176  16:01  Neural Parasite, Burrow  
  176  16:02  Queen x2  
  180  16:06  Spore Crawler  
  178  16:19  Zerg Flyer Armor Level 1  
  178  16:22  Corruptor x4  
  186  16:33  Drone x2  
  186  16:37  Queen  
  186  16:38  Queen x2  
  194  16:44  Drone x6  
  200  16:48  Hatchery  
  200  16:49  Spore Crawler  
  200  16:50  Spore Crawler  
  200  16:52  Spore Crawler  
  200  16:53  Spore Crawler  
  200  16:54  Spore Crawler  
  194  16:58  Spire  
  194  17:00  Spine Crawler  
  192  17:04  Spore Crawler x2  
  190  17:09  Overseer x3  
  190  17:11  Pneumatized Carapace  
  190  17:17  Spine Crawler, Spore Crawler  
  190  17:18  Spore Crawler  
  180  17:46  Queen  
  180  17:51  Infestor x6  
  182  17:52  Spore Crawler  
  182  17:54  Spore Crawler  
  192  17:59  Extractor  
  168  18:16  Infestor x4  
  141  18:23  Extractor  
  141  18:25  Corruptor  
  141  18:26  Corruptor x8  
  143  18:28  Roach x2  
  144  18:35  Roach x2  
Show
View Real Time Build Order
Export as new Build Order

Nina Protoss - Winner!

Build Orders: 1 Gate Expand, Oracle Opening, Carriers 

Get SALT Encoding   

  12  0:00  Probe  
  13  0:12  Probe  
  14  0:18  Pylon  
  14  0:26  Probe  
  15  0:37  Gateway  
  15  0:40  Probe (Chrono Boost)  
  17  0:50  Assimilator  
  17  0:51  Probe (Chrono Boost)  
  17  0:56  Probe (Chrono Boost)  
  18  1:07  Probe  
  19  1:19  Probe  
  20  1:28  Nexus  
  20  1:37  Cybernetics Core  
  20  1:41  Probe  
  20  1:46  Assimilator  
  21  1:53  Probe  
  22  1:56  Pylon  
  22  2:05  Probe  
  23  2:11  Adept (Chrono Boost)  
  25  2:19  Probe, Stargate  
  26  2:28  Warp Gate  
  26  2:31  Probe  
  27  2:37  Adept  
  30  2:44  Probe (Chrono Boost)  
  30  2:45  Probe (Chrono Boost)  
  30  2:48  Pylon  
  31  2:56  Probe x2 (Chrono Boost)  
  33  3:01  Oracle (Chrono Boost), Probe (Chrono Boost)  
  38  3:10  Probe  
  38  3:12  Probe  
  39  3:14  Gateway  
  39  3:22  Probe  
  39  3:23  Adept  
  39  3:24  Probe  
  43  3:28  Pylon  
  43  3:34  Probe  
  43  3:36  Oracle (Chrono Boost)  
  43  3:38  Probe  
  48  3:50  Probe  
  48  3:52  Gateway, Probe  
  48  3:54  Twilight Council  
  50  4:02  Probe  
  49  4:04  Probe  
  50  4:14  Probe  
  50  4:16  Probe  
  51  4:17  Pylon  
  51  4:18  Zealot  
  53  4:27  Nexus, Probe  
  54  4:35  Blink, Probe  
  54  4:37  Zealot  
  57  4:38  Pylon  
  57  4:41  Assimilator  
  56  4:46  Sentry  
  56  4:47  Probe  
  56  4:48  Probe  
  56  4:52  Gateway  
  60  4:55  Forge  
  60  4:59  Probe  
  61  5:00  Pylon  
  61  5:05  Sentry  
  61  5:06  Probe  
  64  5:10  Assimilator  
  64  5:11  Zealot x2  
  68  5:16  Pylon  
  68  5:17  Pylon  
  68  5:18  Probe  
  68  5:19  Probe  
  70  5:26  Gateway  
  70  5:27  Pylon  
  70  5:30  Probe  
  70  5:31  Protoss Ground Weapons Level 1  
  72  5:37  Sentry  
  72  5:42  Shield Battery  
  73  5:45  Gateway, Sentry  
  73  5:47  Stalker  
  77  5:52  Gateway  
  77  5:55  Shield Battery  
  77  5:59  Shield Battery  
  77  6:01  Stalker  
  79  6:07  Photon Cannon, Sentry  
  79  6:11  Stalker  
  83  6:12  Probe  
  83  6:16  Stalker  
  86  6:22  Zealot  
  86  6:25  Adept  
  88  6:28  Photon Cannon  
  88  6:29  Stalker  
  90  6:35  Photon Cannon  
  90  6:41  Stalker, Pylon  
  90  6:43  Sentry  
  90  6:47  Stalker  
  96  6:51  Stalker  
  96  6:54  Stalker  
  96  6:58  Photon Cannon  
  96  7:03  Zealot x2  
  96  7:07  Zealot  
  96  7:09  Zealot  
  96  7:13  Probe  
  96  7:15  Zealot  
  91  7:17  Zealot  
  91  7:19  Probe  
  88  7:26  Zealot x3  
  88  7:29  Zealot  
  92  7:31  Probe  
  92  7:34  Probe  
  92  7:39  Probe  
  92  7:41  Stalker x2  
  92  7:43  Probe  
  84  7:52  Probe (Chrono Boost)  
  84  7:54  Probe (Chrono Boost)  
  84  7:55  Probe (Chrono Boost)  
  84  7:57  Robotics Facility  
  83  8:03  Protoss Ground Weapons Level 2  
  85  8:06  Probe (Chrono Boost)  
  85  8:07  Probe (Chrono Boost)  
  85  8:09  Templar Archives  
  85  8:10  Zealot, Probe (Chrono Boost)  
  88  8:13  Probe (Chrono Boost)  
  88  8:14  Probe (Chrono Boost)  
  88  8:16  Probe (Chrono Boost)  
  88  8:18  Adept  
  93  8:20  Probe  
  93  8:22  Probe  
  95  8:27  Charge  
  95  8:28  Probe  
  95  8:30  Assimilator x2  
  95  8:32  Probe  
  97  8:38  Psionic Storm  
  97  8:39  Stalker, Sentry  
  97  8:40  Zealot  
  97  8:41  Zealot x2  
  107  8:46  Observer (Chrono Boost)  
  108  8:51  High Templar x2  
  112  9:07  Nexus  
  112  9:09  High Templar  
  114  9:13  Pylon x2  
  114  9:14  Pylon x2  
  114  9:15  Warp Prism  
  114  9:16  Pylon  
  113  9:29  Probe x3, Pylon  
  116  9:32  Photon Cannon  
  116  9:36  High Templar  
  116  9:37  Gateway  
  116  9:38  Gateway, High Templar x2  
  122  9:41  Probe x3  
  122  9:43  Archon  
  122  9:44  Zealot x2  
  129  9:48  Observer  
  129  9:50  Zealot  
  131  9:53  Probe x2  
  131  9:54  Immortal  
  137  10:10  High Templar x2  
  141  10:15  High Templar x2  
  141  10:16  Archon  
  141  10:17  Zealot x3  
  141  10:19  Photon Cannon, Archon  
  151  10:24  Assimilator  
  151  10:25  Assimilator  
  151  10:27  Gateway  
  151  10:36  Immortal  
  151  10:42  Zealot x7  
  153  11:00  Zealot  
  145  11:04  Zealot x5  
  145  11:05  Zealot x3  
  161  11:16  Immortal  
  127  11:37  Zealot  
  127  11:38  Zealot x5  
  115  11:54  Zealot x4  
  113  11:55  Immortal  
  113  11:56  Robotics Facility  
  113  11:57  Protoss Ground Weapons Level 3  
  113  11:59  Dark Shrine  
  107  12:09  High Templar x5  
  113  12:18  High Templar x3  
  113  12:19  Nexus, High Templar  
  113  12:22  Archon x2, Pylon  
  121  12:23  Pylon  
  121  12:25  Zealot  
  123  12:36  Archon, Stargate  
  127  12:37  Immortal (Chrono Boost), Stargate  
  127  12:40  Pylon  
  127  12:42  Photon Cannon  
  127  12:45  Shield Battery x2  
  127  12:49  High Templar x2  
  132  12:53  Zealot x6  
  132  12:54  Zealot, Observer (Chrono Boost)  
  132  12:56  Archon  
  132  12:57  High Templar  
  148  13:00  Photon Cannon  
  148  13:07  Photon Cannon  
  148  13:09  Photon Cannon  
  148  13:26  Zealot x9  
  164  13:35  Fleet Beacon  
  150  13:45  Protoss Air Weapons Level 1  
  136  13:54  Archon  
  134  13:58  High Templar x2  
  138  14:03  Stargate  
  138  14:06  Stargate  
  138  14:15  Zealot x4  
  146  14:17  Carrier (Chrono Boost), Probe x2  
  146  14:18  Probe x2  
  146  14:21  Assimilator  
  146  14:23  Stargate  
  146  14:24  Immortal x2, Carrier (Chrono Boost), Assimilator  
  160  14:29  Probe  
  169  14:32  Zealot x5  
  179  14:41  High Templar  
  179  14:42  High Templar  
  179  14:54  Carrier x2 (Chrono Boost)  
  179  14:56  High Templar  
  189  15:03  Warp Prism  
  189  15:06  Zealot x5  
  199  15:08  Protoss Shields Level 1 (Chrono Boost)  
  145  15:47  Carrier x2 (Chrono Boost)  
  145  15:48  Zealot x9  
  145  15:49  Zealot  
  175  15:50  Immortal x2  
  183  16:02  Carrier (Chrono Boost)  
  189  16:16  Carrier (Chrono Boost)  
  189  16:23  Nexus  
  195  16:30  Observer  
  195  16:32  Oracle (Chrono Boost)  
  195  16:35  Nexus  
  195  16:38  Pylon  
  195  16:40  Observer  
  195  16:41  Pylon  
  195  16:42  Pylon  
  195  16:45  Photon Cannon, Pylon  
  195  16:46  Pylon  
  196  16:51  Observer  
  197  17:07  Observer  
  188  18:10  Zealot x5, Void Ray (Chrono Boost)  
  188  18:11  Zealot x5, Void Ray x3 (Chrono Boost)  
  146  18:38  Stalker x10  
  146  18:41  Probe  

Tags
 
Add a new tag
Caveats
  • Supply blocks, unpowered buildings, or Contaminate may cause inaccurate times.
  • Supply counts are checked every 10 seconds.